 Dungeon Crawl Stone Soup version 0.31-a0-986-g5e6e4ef867 (webtiles) character file.

Game seed: 4158116584585119925

8092 runemasterragnar the Basher (level 11, -7/109 HPs)
             Began as an Ogre Fire Elementalist on Nov 15, 2023.
             Was a Priest of Sif Muna.
             Killed from afar by a gargoyle (13 damage)
             ... with a stone arrow
             ... on level 9 of the Dungeon on Nov 16, 2023.
             The game lasted 00:31:48 (14810 turns).

runemasterragnar the Basher (OgFE)                 Turns: 14810, Time: 00:31:49

Health: -7/109     AC: 12    Str: 14    XL:     11   Next: 25%
Magic:  15/20      EV:  9    Int: 20    God:    Sif Muna [***...]
Gold:   290        SH:  0    Dex:  9    Spells: 6/22 levels left

rFire   . . .        C - +4 morningstar (freeze)
rCold   + . .        (no shield)
rNeg    . . .        M - +0 robe {Will+}
rPois   .            d - +2 hat {Stlth+}
rElec   .            H - +2 cloak of the Thief {*Fog Slay-2 SInv Stlth+}
rCorr   .            (gloves unavailable)
SInv    +            (boots unavailable)
Will    ++...        J - amulet of faith
Stlth   +++          p - ring of wizardry
HPRegen 0.38/turn    w - +4 ring of protection
MPRegen 0.17/turn

%: faith, wizardry (x1)
@: hasted, very quick
A: large, unfitting armour, tough skin 1, horns 1, cold resistance 1,
deterioration 1
a: Renounce Religion, Channel Magic, Forget Spell


You were on level 9 of the Dungeon.
You worshipped Sif Muna.
Sif Muna was most pleased with you.
You visited 1 branch of the dungeon, and saw 10 of its levels.
You also visited: Ossuary.

You collected 686 gold pieces.
You spent 396 gold pieces at shops.

Inventory:

Hand Weapons
 c - a +0 club
 e - a +0 spear
 j - a +0 spear of freezing
 q - a +0 flail
 u - a +0 war axe
 x - a +0 giant club
 B - a +2 heavy flail
 C - a +4 morningstar of freezing (weapon)
 K - a +1 whip of flaming
Armour
 a - a +0 robe
 d - a +2 hat of stealth (worn)
 g - an orb of light
 G - a +0 cloak
 H - the +2 cloak of the Thief (worn) {*Fog Slay-2 SInv Stlth+}
   (You acquired it on level 9 of the Dungeon)

   *Fog:      It may release a thick cloud of smoke when the wearer is hurt.
   Slay-2:    It affects your accuracy & damage with ranged weapons and melee
   (-2).
   SInv:      It lets you see invisible.
   Stlth+:    It makes you more stealthy.
 L - a +0 kite shield
 M - a +0 robe of willpower (worn)
Jewellery
 p - a ring of wizardry (left hand)
 w - a +4 ring of protection (right hand)
 y - a +6 ring of dexterity
 I - a ring of magical power
 J - an amulet of faith (around neck)
 O - a +5 ring of evasion
Talismans
 f - a serpent talisman
Wands
 h - a wand of flame (28)
 i - a wand of mindburst (2)
 N - a wand of acid (5)
Scrolls
 n - 2 scrolls of fog
 o - 2 scrolls of poison
 r - a scroll of fear
 E - a scroll of brand weapon
Potions
 b - a potion of magic
 k - a potion of attraction
 l - a potion of enlightenment {unknown}
 m - a potion of heal wounds {unknown}
 s - 2 potions of cancellation
 t - a potion of resistance
 v - 2 potions of mutation
 z - 6 potions of curing
 A - 2 potions of degeneration
 D - a potion of haste
 P - a potion of berserk rage {unknown}


   Skills:
 + Level 7.0 Fighting
 - Level 12.1 Maces & Flails
 - Level 1.7 Dodging
 - Level 1.4 Stealth
 + Level 6.3 Spellcasting
 * Level 6.9 Conjurations
 * Level 7.5 Fire Magic
 + Level 5.1 Invocations


You had 6 spell levels left.
You knew the following spells:

 Your Spells              Type           Power      Damage    Failure   Level
a - Foxfire               Conj/Fire      100%       2x1d9     1%          1
b - Scorch                Fire           72%        2d8       1%          2
c - Flame Wave            Conj/Fire      35%        2d10      1%          4
d - Volatile Blastmotes   Fire/Tloc      42%        2d13      2%          3
e - Plasma Beam           Fire/Air       10%        2x1d21    75%         6

Your spell library contained the following spells:

 Spells                   Type           Power      Damage    Failure   Level
 Inner Flame              Hex/Fire       21%        N/A       2%          3
 Freeze                   Ice            24%        1d4       4%          1
 Necrotise                Necr           24%        1d5       4%          1
 Ignite Poison            Fire/Tmut/Pois 16%        N/A       4%          3
 Cigotuvi's Dreadful Rot  Necr/Pois/Air  12%        N/A       6%          2
 Ensorcelled Hibernation  Hex/Ice        12%        N/A       6%          2
 Jinxbite                 Hex            12%        N/A       6%          2
 Lesser Beckoning         Tloc           12%        N/A       6%          2
 Sublimation of Blood     Necr           6%         N/A       6%          2
 Gell's Gravitas          Tloc           6%         N/A       12%         3
 Teleport Other           Tloc           6%         N/A       12%         3
 Tukima's Dance           Hex            6%         N/A       12%         3
 Vampiric Draining        Necr           6%         2d6       12%         3
 Arcjolt                  Conj/Air       10%        1d20      26%         5
 Irradiate                Conj/Tmut      10%        3d15      26%         5
 Starburst                Conj/Fire      17%        6d6       30%         6
 Anguish                  Hex/Necr       3%         N/A       36%         4
 Passage of Golubria      Tloc           6%         N/A       36%         4
 Petrify                  Tmut/Erth      6%         N/A       36%         4
 Vhi's Electric Charge    Tloc/Air       12%        N/A       36%         4
 Freezing Cloud           Conj/Ice/Air   7%         6-21      38%         5
 Agony                    Necr           6%         N/A       69%         5
 Yara's Violent Unravell  Hex/Tmut       3%         3d4       69%         5
 Summon Cactus Giant      Summ           3%         N/A       99%         6
 Maxwell's Capacitive Co  Air            3%         ∞         100%        8


Dungeon Overview and Level Annotations

Branches:
Dungeon (10/15)            Temple (0/1) D:5             Orc (0/2) D:10
Ossuary (visited)
   Lair: D:8-11

Altars:
Ashenzari
Cheibriados
Elyvilon
Fedhas
Kikubaaqudgha
Okawaru
Ru
Sif Muna
Trog
Uskayaw
Vehumet
Wu Jian
The Shining One

Shops:
D:6 =(*:

Annotations:
D:4 3 runed translucent doors, Beryl's ghost, amateur GrEE
D:7 3 runed translucent doors, gelatine's ghost, novice DsFi


Innate Abilities, Weirdness & Mutations

You are too large for most types of armour.
You have tough skin. (AC +1)
You have a pair of small horns on your head.
Your flesh is cold resistant. (rC+)
Your body sometimes deteriorates upon taking damage.


Message History

Confirm with . or Enter, or press ? or * to list all spells.
You conjure some foxfire!
The two-headed ogre hits you with a +0 giant spiked club!
With a swish of your cloak, you release a cloud of fog.
The two-headed ogre hits you with a +0 dire flail!
* * * LOW HITPOINT WARNING * * *
Unknown command.
Okay, then.
As you read the scroll of fear, it crumbles to dust.
You assume a fearsome visage.
The two-headed ogre looks frightened!
The foxfire hits the two-headed ogre.
The two-headed ogre is burned terribly!
The two-headed ogre is lightly wounded.
Your attack snaps the two-headed ogre out of its fear.
The foxfire hits the two-headed ogre.
The two-headed ogre is burned terribly!
The two-headed ogre is moderately wounded.
Unknown command.
You feel yourself speed up.
The two-headed ogre hits you with a +0 giant spiked club!
* * * LOW HITPOINT WARNING * * *
With a swish of your cloak, you release a cloud of fog.
The two-headed ogre closely misses you.
Unknown command.
The gargoyle hurls a stone arrow at you.
The stone arrow hits you.
* * * LOW HITPOINT WARNING * * *
You climb upwards.
Your foxfire dissipates!
There is a stone staircase leading down, spattered with blood here.
Unknown command.
The two-headed ogre is no longer more vulnerable to fire.
The gargoyle attacks as it pursues you! The gargoyle hits you with a +0 mace!
* * * LOW HITPOINT WARNING * * *
The two-headed ogre attacks as it pursues you!
The two-headed ogre hits you with a +0 giant spiked club.
* * * LOW HITPOINT WARNING * * *
The two-headed ogre closely misses you.
Okay, then.
The gargoyle hurls a stone arrow at you.
The stone arrow hits you!
You die...

####.#.....<.....#.#.##.#
#.....#####...####.#..#.#
#.##.#.###[#### #.##.#.#
#.##.##.#.## #.##.#.#
#....##..####### #......#
#.#####....>...# ####.###
#.#####........# #.#
#.............9#### #.#
#.######.....O..@.# #.#
#.# #.....[.##.###.# #.#
#.......#......# #.#
####....#..##### #.#
#.##.#..# #.# #.......#
#.## #######.#.##
...#####.......#.#
.......†(......#>#


You could see a two-headed ogre and a gargoyle.

Vanquished Creatures
  Gastronok (D:9)
  Erolcha (D:9)
  Pikel (D:9)
  A moth of wrath (shapeshifter) (D:8)
  3 hellwings (D:9)
  Grinder (D:4)
  A wyvern (D:8)
  7 yaks (D:9)
  A neqoxec (D:9)
  A steam dragon (D:8)
  A warg (D:10)
  2 water moccasins
  3 ice beasts
  2 orc warriors
  2 ogres (D:6)
  3 centaurs
  A phantom (D:6)
  2 kobold brigands
  3 lemures (D:9)
  Blork the orc (D:5)
  A gnoll sergeant (D:8)
  3 bullfrogs (D:8)
  A water moccasin zombie (Ossuary)
  5 wights
  2 howler monkeys (D:8)
  3 hounds (D:5)
  A gnoll bouda (D:7)
  A bullfrog skeleton (D:7)
  4 orc priests
  2 sleepcaps
  4 iguanas
  12 orc wizards
  A scorpion zombie (D:7)
  2 mummies (Ossuary)
  13 gnolls
  6 howler monkey skeletons (D:7)
  12 adders
  A shadow imp (D:5)
  3 white imps
  2 ufetubi (D:6)
  3 adder zombies (Ossuary)
  4 worms
  2 dart slugs (D:4)
  32 orcs
  3 ball pythons
  6 bats
  10 endoplasms
  3 giant cockroaches
  6 gnoll zombies (Ossuary)
  12 goblins
  8 hobgoblins
  6 jackals
  17 kobolds
  3 quokkas
  A frilled lizard (D:1)
  3 hobgoblin zombies (Ossuary)
  4 kobold zombies (Ossuary)
  6 orc zombies (Ossuary)
  5 rats
251 creatures vanquished.

Vanquished Creatures (others)
  299 foxfires
299 creatures vanquished.

Grand Total: 550 creatures vanquished

Notes
Turn   | Place    | Note
-------+----------+-------------------------------------------
     0 | D:1      | runemasterragnar the Ogre Fire Elementalist began the quest
                  | for the Orb.
     0 | D:1      | Reached XP level 1. HP: 16/16 MP: 3/3
     8 | D:1      | Reached skill level 1 in Conjurations
    83 | D:1      | Reached XP level 2. HP: 7/26 MP: 2/5
   330 | D:1      | Learned a level 2 spell: Scorch
   444 | D:1      | Reached skill level 1 in Fighting
   550 | D:1      | Reached XP level 3. HP: 33/33 MP: 5/7
  1163 | D:2      | You fall into a shaft and drop 2 floors!
  1163 | D:3      | Identified the of Izeeceavum
  1163 | D:3      | Identified the "Pysmua"
  1332 | D:4      | Reached XP level 4. HP: 41/41 MP: 0/8
  1412 | D:4      | Found a runed translucent gate.
  1412 | D:4      | Found a runed translucent gate.
  1412 | D:4      | Found a runed translucent gate.
  1412 | D:4      | Noticed Beryl's ghost (amateur GrEE)
  1544 | D:4      | Found a hide-covered altar of Uskayaw.
  1554 | D:4      | Found a white marble altar of Elyvilon.
  1628 | D:4      | Noticed Grinder
  1932 | D:3      | Reached XP level 5. HP: 5/49 MP: 3/9
  2798 | D:2      | Reached skill level 1 in Maces & Flails
  3154 | D:2      | Reached skill level 2 in Maces & Flails
  3810 | D:3      | Found a broken altar of Ashenzari.
  3843 | D:3      | Found an iron altar of Okawaru.
  3861 | D:3      | Reached skill level 3 in Maces & Flails
  4069 | D:3      | Found a shimmering blue altar of Sif Muna.
  4084 | D:3      | Became a worshipper of Sif Muna the Loreminder
  4164 | D:3      | Found a bloodstained altar of Trog.
  4266 | D:4      | Paralysed by Grinder for 3 turns
  4276 | D:4      | Killed Grinder
  4277 | D:4      | Reached skill level 6 in Maces & Flails
  4277 | D:4      | Reached XP level 6. HP: 46/57 MP: 2/10
  4759 | D:5      | Entered Level 5 of the Dungeon
  4762 | D:5      | Noticed an ice beast
  4775 | D:5      | Killed an ice beast
  4776 | D:5      | Reached skill level 7 in Maces & Flails
  4776 | D:5      | Reached XP level 7. HP: 19/65 MP: 2/11
  5477 | D:5      | Noticed Blork the orc
  5482 | D:5      | Killed Blork the orc
  5574 | D:5      | Reached skill level 8 in Maces & Flails
  5806 | D:5      | Found a staircase to the Ecumenical Temple.
  5829 | D:5      | Learned a level 4 spell: Flame Wave
  5833 | D:5      | Learned a level 3 spell: Volatile Blastmotes
  6005 | D:5      | Reached skill level 9 in Maces & Flails
  6336 | D:5      | Reached XP level 8. HP: 72/72 MP: 8/12
  6761 | D:6      | Reached skill level 10 in Maces & Flails
  6881 | D:6      | Found Ceynuss's Jewellery Emporium.
  6889 | D:6      | Bought a +4 ring of protection for 396 gold pieces
  6978 | D:6      | Found Zietug's Jewellery Shoppe.
  7428 | D:6      | Reached skill level 11 in Maces & Flails
  7496 | D:6      | Reached * piety under Sif Muna
  7635 | D:6      | Found a blossoming altar of Fedhas.
  7636 | D:6      | Found a glowing golden altar of the Shining One.
  7637 | D:6      | Found an ornate altar of the Wu Jian Council.
  7640 | D:6      | Found a sacrificial altar of Ru.
  7641 | D:6      | Found an ancient bone altar of Kikubaaqudgha.
  7654 | D:6      | Found Fokiereut's Weapon Shop.
  8281 | D:6      | Reached skill level 12 in Maces & Flails
  8348 | D:6      | Reached XP level 9. HP: 59/80 MP: 13/13
  8443 | D:6      | Found Xovvier Goxi's Book Shoppe.
  8542 | D:6      | Found Nopray's Mass Market.
  8673 | D:6      | Reached skill level 1 in Invocations
  9361 | D:7      | Identified the "Tisohaode"
  9436 | D:7      | Found a sand-covered staircase.
  9458 | Ossuary  | Entered an ossuary
  9605 | Ossuary  | Reached ** piety under Sif Muna
 10174 | D:7      | Found a runed translucent gate.
 10177 | D:7      | Found a runed translucent gate.
 10177 | D:7      | Found a runed translucent gate.
 10179 | D:7      | Noticed gelatine's ghost (novice DsFi)
 10677 | D:7      | Reached skill level 5 in Fire Magic
 11182 | D:7      | Noticed a two-headed ogre
 11956 | D:8      | Reached XP level 10. HP: 93/94 MP: 16/16
 11959 | D:8      | Noticed a fire crab
 11963 | D:8      | Noticed a moth of wrath
 11967 | D:8      | Killed a moth of wrath
 11968 | D:8      | Reached skill level 5 in Fighting
 11968 | D:8      | Reached skill level 5 in Conjurations
 12082 | D:8      | Reached skill level 5 in Spellcasting
 12241 | D:9      | Noticed Erolcha
 12539 | D:9      | Killed Erolcha
 12657 | D:9      | Found a snail-covered altar of Cheibriados.
 12660 | D:9      | Reached *** piety under Sif Muna
 12872 | D:9      | Found a radiant altar of Vehumet.
 12978 | D:9      | Gained mutation: Your body sometimes deteriorates upon
                  | taking damage. [a neqoxec]
 12979 | D:9      | Gained mutation: You are resistant to electric shocks.
                  | (rElec) [a neqoxec]
 13020 | D:9      | Identified a scroll of acquirement
 13020 | D:9      | Identified the "Icatsaic" (You acquired it on level 9 of
                  | the Dungeon)
 13020 | D:9      | Acquired the +2 cloak of the Thief {*Fog Slay-2 SInv
                  | Stlth+}
 13020 | D:9      | Found the +2 cloak of the Thief {*Fog Slay-2 SInv Stlth+}
 13695 | D:9      | Noticed Pikel
 13754 | D:9      | Killed Pikel
 13978 | D:9      | Reached XP level 11. HP: 60/107 MP: 10/20
 14275 | D:9      | Gained mutation: You occasionally shout uncontrollably at
                  | your foes. [a neqoxec]
 14291 | D:8      | Lost mutation: Your body sometimes deteriorates upon taking
                  | damage. [potion of mutation]
 14291 | D:8      | Lost mutation: You are resistant to electric shocks.
                  | (rElec) [potion of mutation]
 14291 | D:8      | Lost mutation: You occasionally shout uncontrollably at
                  | your foes. [potion of mutation]
 14291 | D:8      | Gained mutation: Your body sometimes deteriorates upon
                  | taking damage. [potion of mutation]
 14291 | D:8      | Gained mutation: You have a pair of small horns on your
                  | head. [potion of mutation]
 14291 | D:8      | Gained mutation: Your flesh is cold resistant. (rC+)
                  | [potion of mutation]
 14339 | D:10     | Entered Level 10 of the Dungeon
 14339 | D:10     | Noticed Gastronok
 14377 | D:9      | Killed Gastronok
 14378 | D:9      | Reached skill level 5 in Invocations
 14613 | D:10     | Learned a level 6 spell: Plasma Beam
 14622 | D:10     | Found a staircase to the Orcish Mines.
 14652 | D:10     | Noticed a two-headed ogre
 14807 | D:9      | HP: 5/109 [two-headed ogre/+0 giant spiked club (4)]
 14810 | D:9      | Killed from afar by a gargoyle

Illustrated notes

Levels and vault maps discovered:
D:1:      reono_arrival_mine, layout_basic
D:2:      cheibrodos_greedy_goblins, layout_basic, minmay_crystal_room
D:3:      layout_loops_ring, nzn_overflow_gifts_of_might_and_magic,
          ashenzari_altar_1, mainiacjoe_overflow_24_doors
D:4:      layout_loops_ring, minitemple, ebering_ghost_rock_garden, uniq_grinder
D:5:      layout_basic, minmay_temple_entry_stoned_glass, uniq_blork_the_orc
D:6:      layout_loops_ring, grunt_temple_overflow_open, serial_shops,
          shop_fountains, nicolae_shop_rolling_square,
          nicolae_shop_just_a_little_nook, nicolae_shop_gaudy_bauble,
          grunt_ministairs_7, chequers_avenue, minmay_shop_mass,
          roderic_lattice_a
D:7:      minmay_the_grid_triangle_9x9_recursive_2
          [minmay_the_grid_triangle_9x9_prize_schism,
          minmay_the_grid_triangle_9x9_zippers_horizontal,
          minmay_the_grid_triangle_9x9_empty,
          minmay_the_grid_triangle_9x9_steps], layout_loops_corners,
          serial_glass, glass_columns_a, glass_columns_b, glass_columns_a,
          glass_columns_a, item_on_display_a, item_on_display_b,
          minmay_strange_pillars, mainiacjoe_ossuary_entry_find_the_door,
          ebering_ghost_rock_garden, kennysheep_small_square
D:8:      layout_loops_cross, grunt_tough_drop
D:9:      layout_loops_cross, lemuel_mausoleum_altar_yredelemnul,
          mainiacjoe_overflow_large_starburst, nicolae_neqoxec_dot_bat,
          uniq_pikel, uniq_harold, uniq_erolcha
D:10:     layout_small_grid, erik_lair_orcish_takeover, orc_0_dummy,
          minivault_5, uniq_gastronok

Skill      XL: |  1  2  3  4  5  6  7  8  9 10 11 |
---------------+----------------------------------+-----
Conjurations   | 1 2 4 6 |  6.9
Fire Magic     | 3 5 7 |  7.5
Fighting       | 1 2 4 6 7 |  7.0
Spellcasting   | 3 4 6 |  6.3
Maces & Flails | 6 7 9 12 | 12.1
Invocations    | 3 4 5 |  5.1
Dodging        | |  1.7
Stealth        | |  1.4

Action                     |  1- 3 |  4- 6 |  7- 9 | 10-12 || total
---------------------------+-------+-------+-------+-------++-------
  Melee: Unarmed           |    22 |       |       |       ||    22
         Club              |    70 |    19 |       |       ||    89
         Punch             |     1 |     1 |     2 |       ||     4
         Spear             |       |    84 |     5 |       ||    89
         Flail             |       |       |   158 |       ||   158
         Morningstar       |       |       |   193 |    86 ||   279
         Headbutt          |       |       |       |     2 ||     2
   Cast: Foxfire           |    40 |    26 |    69 |    58 ||   193
         Scorch            |     2 |    35 |    63 |    56 ||   156
         Volatile Blastmot |       |       |     5 |     3 ||     8
         Flame Wave        |       |       |     1 |     2 ||     3
  Evoke: Wand              |       |    11 |    14 |       ||    25
    Use: Scroll            |       |     3 |    12 |     5 ||    20
         Potion            |       |     2 |     2 |     5 ||     9
   Stab: Sleeping          |     1 |     1 |     2 |       ||     4
 Armour: Robe              |    95 |    95 |   347 |   164 ||   701
         Skin              |       |       |     3 |    25 ||    28
  Dodge: Dodged            |    60 |    49 |   142 |    49 ||   300

Table legend: (Time is in decaauts)
 A = Elapsed time spent in this place.
 B = Non-inter-level travel time spent in this place.
 C = Inter-level travel time spent in this place.
 D = Time resting spent in this place.
 E = Time spent auto-exploring this place.
 F = Levels seen in this place.
 G = Mean time per level.
                   A        B        C        D        E       F      G
               +--------+--------+--------+--------+--------+-----+--------+
         Total |  14817 |  14473 |    344 |   3413 |   8352 |  11 | 1347.0 |
       Dungeon |  14574 |  14230 |    344 |   3413 |   8209 |  10 | 1457.4 |
       Ossuary |    243 |    243 |      0 |      0 |    143 |   1 |  243.0 |
               +--------+--------+--------+--------+--------+-----+--------+

Top non-repeatable levels by time:
     D:6: 2695 daAuts
     D:5: 2101 daAuts
     D:9: 1998 daAuts
     D:2: 1465 daAuts
     D:8: 1449 daAuts
     D:7: 1421 daAuts
     D:3: 1304 daAuts
     D:1: 1083 daAuts
     D:4: 940 daAuts
 Ossuary: 243 daAuts
    D:10: 113 daAuts
